[Event "*** Titled Tuesday Blitz"]
[Site "Chess.com"]
[Date "2018.05.01"]
[Round "7"]
[White "wadsy27"]
[Black "nau64"]
[Result "1/2-1/2"]
[WhiteElo "2250"]
[BlackElo "2145"]
[TimeControl "180+2"]
[EndTime "14:35:34 PDT"]
[Termination "Game drawn by agreement"]

1. g3 Nf6 2. Bg2 d5 3. Nf3 g6 4. c4 Bg7 5. cxd5 Nxd5 6. Nc3 O-O 7. O-O Nb6 8. d3 Nc6 9. Be3 e5 10. Rc1 Nd4 11. Bxd4 exd4 12. Ne4 c6 13. Nc5 Nd5 14. Qb3 Re8 15. Rfe1 Qb6 16. a3 Rb8 17. Qxb6 axb6 18. Nb3 Ne7 19. Nfxd4 c5 20. Nb5 Bxb2 21. Rb1 Bg7 22.
Nd2 Rd8 23. Nc4 Nd5 24. Nbd6 Be6 25. Bxd5 Bxd5 26. Rxb6 Rd7 27. Reb1 Ra8 28. Nxb7 Bxc4 29. dxc4 Rxa3 30. Nxc5 Rd2 31. Rb8+ Bf8 32. Re8 Kg7 33. Nd3 Raa2 34. Nf4 Bd6 35. Rc1 Bxf4 36. gxf4 Rxe2 37.
Rxe2 Rxe2 38. c5 Re7 39. Kg2 Kf6 40. Kf3 Rc7 41. c6 Ke6 42. Kg4 h6 43. h4 f5+ 44.
Kf3 Kd6 45. Ke3 Rxc6 46. Rxc6+ Kxc6 47. Kd4 Kd6 48. f3 h5 49. Kc4 Kc6 50. Kd4 Kd6 51. Kc4 Kc6 1/2-1/2

[Event "*** Titled Tuesday Blitz"]
[Site "Chess.com"]
[Date "2018.05.01"]
[Round "7"]
[White "jk13"]
[Black "sergiochess83"]
[Result "0-1"]
[WhiteElo "2524"]
[BlackElo "2793"]
[TimeControl "180+2"]
[EndTime "14:35:42 PDT"]
[Termination "sergiochess83 won on time"]

1. e4 c5 2. c3 e6 3. d4 d5 4. exd5 Qxd5 5. Nf3 Nf6 6. Na3 Nc6 7.
Be3 cxd4 8. Nb5 Qd8 9. Nbxd4 Bd7 10.
Bd3 Nd5 11. Bc1 Nxd4 12. Nxd4 Bc5 13. Nb3 Bb6 14. O-O Qh4 15. Qf3 Bc6 16. Qg3 Qxg3 17. hxg3 O-O-O 18. Be2 h5 19. a4 a6 20. a5 Ba7 21.
Bf3 h4 22. gxh4 Rxh4 23. Bg5 Rdh8 24. Bxh4 Rxh4 25. g3 Rh3 26. Nd4 Bxd4 27. cxd4 Nb4 28. Bxc6 Nxc6 29. Rfd1 Rh5 30. Kg2 Rb5 31. Rac1 Kd7 32.
Rc5 Rxa5 33. Rxa5 Nxa5 34. Kf3 Nc4 35. b3 Nb6 36. Ke4 Nd5 37. Rc1 a5 38. f4 g6 39. Kd3 b6 40. Rh1 Nb4+ 41. Kc4 Kc6 42. Rh8 b5+ 43. Kc3 Nd5+ 44. Kd3 Nb4+ 45. Ke4 Kd6 46. Rb8 f5+ 47. Ke3 Nc2+ 48. Kd3 Nb4+ 49. Kd2 Nc6 0-1

[Event "*** Titled Tuesday Blitz"]
[Site "Chess.com"]
[Date "2018.05.01"]
[Round "7"]
[White "Indianlad"]
[Black "TheCount"]
[Result "1-0"]
[WhiteElo "2651"]
[BlackElo "2547"]
[TimeControl "180+2"]
[EndTime "14:35:46 PDT"]
[Termination "Indianlad won by resignation"]

1. e4 c5 2. Nf3 Nc6 3. Bb5 e6 4.
O-O Nge7 5. Re1 a6 6. Bf1 Ng6 7. c3 d5 8. exd5 Qxd5 9. d4 cxd4 10. cxd4 Bb4 11. Nc3 Qd8 12. d5 Bxc3 13. bxc3 Nce7 14.
c4 O-O 15. h4 Nf5 16. h5 Nge7 17. g4 Nd6 18. h6 Ng6 19. hxg7 Re8 20. Bb2 exd5 21.
Qxd5 Bxg4 22. Rxe8+ Nxe8 23. Ng5 Qxd5 24. cxd5 Nxg7 25. Rc1 Rc8 26. Rxc8+ Bxc8 27. Ne4 Ne8 28. Kh2 f5 29. Ng5 Nd6 30. Ba3 Nf7 31. Ne6 b5 32.
Kg3 Nfe5 33. Bc5 Kf7 34. Ng5+ Kg7 35. Bd4 h6 36. f4 hxg5 37. fxe5 f4+ 38. Kf3 Bf5 39.
a4 g4+ 40. Kf2 Be4 41. e6+ Kf8 42. d6 g3+ 43. Ke1 Bc6 44. d7 Bxd7 45. exd7 Ke7 46.
Bh3 g2 47. Bc5+ Kd8 48. Bb6+ 1-0

[Event "*** Titled Tuesday Blitz"]
[Site "Chess.com"]
[Date "2018.05.01"]
[Round "7"]
[White "MikaelyanArman"]
[Black "Orest_Vovk"]
[Result "1-0"]
[WhiteElo "2624"]
[BlackElo "2476"]
[TimeControl "180+2"]
[EndTime "14:35:49 PDT"]
[Termination "MikaelyanArman won on time"]

1. Nf3 h6 2. d4 g5 3. e4 Bg7 4. h4 g4 5. Ne5 h5 6. Bc4 e6 7.
Be3 d6 8. Nd3 Nc6 9. c3 Bd7 10.
Nd2 Na5 11. Bg5 Bf6 12. Bxf6 Qxf6 13. b4 Nxc4 14. Nxc4 Bb5 15. Ne3 Bxd3 16. Qxd3 a6 17. a4 Qf4 18. b5 Nf6 19. bxa6 bxa6 20. Qc4 Qxe4 21. Qxc7 g3 22. Qxd6 gxf2+ 23. Kxf2 Rd8 24. Qxa6 Qf4+ 25. Ke2 Ne4 26. Qc6+ Kf8 27. Raf1 Ng3+ 28. Kd3 Nxf1 29. Rxf1 Qd6 30. Qxd6+ Rxd6 31. Nc4 Ra6 32. Ne5 f5 33. Ng6+ Kg7 34. Nxh8 Rxa4 35. Re1 Ra6 36. d5 exd5 37. Re8 Ra2 38. Kd4 Rd2+ 39. Kc5 Rd3 40. Kb4 Rd2 41. g3 Rd3 42. Re5 d4 43. c4 Rxg3 44.
Rxf5 Re3 45. Rxh5 d3 46. Kc3 Rh3 47. Kd2 Rf3 48. c5 1-0

[Event "*** Titled Tuesday Blitz"]
[Site "Chess.com"]
[Date "2018.05.01"]
[Round "7"]
[White "NormWeinstein"]
[Black "Kawhi_Leonard2"]
[Result "1-0"]
[WhiteElo "2328"]
[BlackElo "2173"]
[TimeControl "180+2"]
[EndTime "14:35:49 PDT"]
[Termination "NormWeinstein won by resignation"]

1. e4 c5 2. Nf3 d6 3. Nc3 Nc6 4.
d4 cxd4 5. Nxd4 g6 6. Be3 Bg7 7. Bc4 Nf6 8. h3 O-O 9. Bb3 Qa5 10. O-O Bd7 11. Re1 Rfe8 12. Qd2 Nxe4 13. Nxc6 Bxc3 14.
Nxa5 Bxd2 15. Bxd2 Nxd2 16. Nxb7 Nxb3 17. axb3 Be6 18.
Na5 Rec8 19. c3 Rab8 20. b4 h5 21. Ra3 d5 22. Rea1 d4 23. Rd1 dxc3 24. bxc3 Rc7 25. Rd3 Rbc8 26. Kf1 h4 27. Ke1 g5 28. Kd2 f6 29.
Nb3 Bc4 30. Re3 Rd7+ 31. Kc2 Rcd8 32. Nd4 e5 33. Nf3 Bd3+ 34. Kb2 Bf1 35. Ne1 Rd2+ 36. Kb3 Rxf2 37. Rxa7 Bxg2 38. Nxg2 Rxg2 39. Rf3 Rd6 40. b5 Rg3 41. Rf1 Rxh3 42. Ra6 Rhd3 43. Rxd6 Rxd6 44. c4 h3 45. c5 Rd3+ 46. Kc4 Rd4+ 47. Kc3 Rh4 48.
b6 Kf7 49. b7 Rh8 50. c6 g4 51. c7 g3 52. c8=Q Rxc8+ 53. bxc8=Q g2 54. Qxh3 1-0

[Event "*** Titled Tuesday Blitz"]
[Site "Chess.com"]
[Date "2018.05.01"]
[Round "7"]
[White "JoachimBN"]
[Black "SCIM"]
[Result "1-0"]
[WhiteElo "2572"]
[BlackElo "2401"]
[TimeControl "180+2"]
[EndTime "14:35:52 PDT"]
[Termination "JoachimBN won by checkmate"]

1. c4 e6 2. Nc3 d5 3. e3 Nf6 4.
Nf3 Be7 5. b3 O-O 6. Bb2 b6 7.
Qc2 Bb7 8. Be2 c5 9. O-O Nc6 10. cxd5 exd5 11. Rad1 Rc8 12. d4 cxd4 13. Nxd4 Nxd4 14.
Rxd4 Ne4 15. f3 Nxc3 16. Bxc3 Bf6 17. Qd2 Bxd4 18. Qxd4 f6 19. Bd3 Qe7 20. Bb4 Rc5 21. Bxc5 bxc5 22. Qf4 g5 23. Qf5 Qxe3+ 24. Kh1 Rf7 25.
f4 gxf4 26. Rxf4 Qe1+ 27. Rf1 Qe5 28. Qg4+ Rg7 29. Qf3 h5 30. Qxf6 Qxf6 31. Rxf6 h4 32. Kg1 d4 33. Bg6 Rd7 34. Bf5 Rd8 35. Kf2 d3 36. Bg4 d2 37. Bd1 Kg7 38. Rf4 Rd4 39. Rxd4 cxd4 40. g3 hxg3+ 41. hxg3 Kf6 42. Ke2 Be4 43.
Kxd2 Ke5 44. Bc2 Bf3 45. Bd3 a5 46. a3 Bd5 47. Bc2 Bb7 48. g4 Kf4 49. g5 Kxg5 50.
Kd3 Kf6 51. Kxd4 Ke6 52. Kc5 a4 53. b4 Kd7 54. Bxa4+ Kc7 55. Bb3 Bf3 56. b5 Kb8 57.
a4 Bb7 58. a5 Bf3 59. b6 Bg2 60. a6 Bf1 61. a7+ Ka8 62. Bd5# 1-0

[Event "*** Titled Tuesday Blitz"]
[Site "Chess.com"]
[Date "2018.05.01"]
[Round "7"]
[White "MITerryble"]
[Black "FabianoCaruana"]
[Result "0-1"]
[WhiteElo "2677"]
[BlackElo "2809"]
[TimeControl "180+2"]
[EndTime "14:35:54 PDT"]
[Termination "FabianoCaruana won by resignation"]

1. d4 Nf6 2. Nf3 d5 3. c4 dxc4 4. e3 e6 5. Bxc4 c5 6. O-O a6 7.
dxc5 Bxc5 8. Qxd8+ Kxd8 9. a3 Ke7 10. Nbd2 b5 11. Be2 Bb7 12. b4 Bd6 13. Bb2 Nbd7 14. Nb3 Bd5 15. Na5 Nb6 16. Rac1 Rhc8 17. Ne5 Bxe5 18. Bxe5 Nc4 19. Nxc4 Bxc4 20. Bxc4 Rxc4 21. Rxc4 bxc4 22. Rc1 Rc8 23. Bd4 Nd7 24. f3 e5 25.
Bc5+ Nxc5 26. Rxc4 Kd6 27. e4 a5 28. Rc3 Rc6 29. bxc5+ Rxc5 30. Rd3+ Kc6 31. h4 h5 32. Rd8 Kb5 33. Rd7 Ka4 34. Rxf7 Kxa3 35. Rxg7 a4 36. Kf2 Kb4 37. Rb7+ Rb5 38. Rd7 a3 39. Rd1 a2 40.
g4 Rb8 41. gxh5 Rh8 42. Kg3 Rg8+ 43. Kh3 Kb3 44. h6 Kc2 45. Rh1 Kb2 46. h5 a1=Q 47. Rxa1 Kxa1 48. Kh4 Kb2 49. h7 Rh8 50. Kg5 Rxh7 51.
Kg6 Rh8 52. h6 Kc3 53. Kg7 Ra8 54. h7 Kd4 55. h8=Q Rxh8 56. Kxh8 Ke3 0-1

[Event "*** Titled Tuesday Blitz"]
[Site "Chess.com"]
[Date "2018.05.01"]
[Round "7"]
[White "Alohamora11"]
[Black "plumalka"]
[Result "1-0"]
[WhiteElo "2126"]
[BlackElo "2018"]
[TimeControl "180+2"]
[EndTime "14:36:00 PDT"]
[Termination "Alohamora11 won by resignation"]

1. e4 c5 2. Nf3 d6 3. d4 cxd4 4. Nxd4 Nf6 5. Nc3 Bd7 6. g3 Nc6 7. Nde2 g6 8. Bg2 Bg7 9. O-O O-O 10. h3 Rb8 11. Be3 b5 12. a3 a5 13. Kh2 Qc7 14. Nf4 Ne5 15. Ncd5 Nxd5 16. Nxd5 Qd8 17. Bg5 f6 18. Bf4 Nc4 19. b3 Nb6 20. Be3 Nxd5 21. Qxd5+ Kh8 22. Rfc1 Qc7 23. c4 bxc4 24. Rxc4 Qb7 25.
Qxb7 Rxb7 26. b4 axb4 27. Rxb4 Rxb4 28. axb4 Rb8 29. Rb1 Kg8 30. Bf1 Bb5 31. Kg1 Kf7 32.
Bxb5 Rxb5 33. Kf1 f5 34. exf5 gxf5 35. Ke2 Bc3 36. Bd2 Bxd2 37. Kxd2 e5 38. Kd3 d5 39.
f4 e4+ 40. Kc3 h5 41. Ra1 d4+ 42. Kc4 Rb7 43. Ra5 Kf6 44. Ra6+ Kg7 45. Kxd4 Rxb4+ 46. Ke5 Rb5+ 47. Ke6 e3 48. Ra3 Rb8 49. Kxf5 Re8 50. Ra1 e2 51. Re1 Kh6 52. Kf6 Re3 53. g4 Rxh3 54.
g5+ Kh7 55. Rxe2 h4 56. Re7+ Kh8 57. g6 1-0

[Event "*** Titled Tuesday Blitz"]
[Site "Chess.com"]
[Date "2018.05.01"]
[Round "7"]
[White "daro94"]
[Black "igorkovalenko"]
[Result "0-1"]
[WhiteElo "2724"]
[BlackElo "2738"]
[TimeControl "180+2"]
[EndTime "14:36:08 PDT"]
[Termination "igorkovalenko won on time"]

1. Nf3 Nf6 2. c4 b6 3. g3 Bb7 4. Bg2 g6 5. O-O Bg7 6. d4 O-O 7. Nc3 Ne4 8. Bd2 Nxd2 9. Qxd2 e6 10. Rfd1 d6 11. Rac1 Nd7 12. b4 a5 13. b5 Qe7 14.
Ne1 Bxg2 15. Nxg2 f5 16. Qc2 g5 17. e3 h5 18. h4 Bf6 19. hxg5 Bxg5 20. Qe2 Nf6 21.
c5 bxc5 22. dxc5 d5 23. b6 Rab8 24. Nb5 cxb6 25. c6 Ng4 26. f3 Nf6 27. Nf4 Bxf4 28. exf4 Kf7 29. Kf2 h4 30. gxh4 Nh5 31. Qe5 Qb4 32. c7 Rbc8 33. Nd6+ Ke7 34. Nxc8+ Rxc8 35. Rc6 Nxf4 36. Qg7+ Ke8 37. Rdc1 Qd2+ 38. Kg1 Qe3+ 39.
Kh2 Qf2+ 40. Kh1 Qxf3+ 41. Kh2 Qf2+ 42. Kh1 Qxh4+ 43. Kg1 Qg4+ 44. Qxg4 fxg4 45. Rxb6 Kd7 46. Rcb1 Rxc7 47. Rb7 d4 48. Rxc7+ Kxc7 49. Rb5 d3 50. Kf2 g3+ 51. Kxg3 d2 52. Rb1 Ne2+ 53. Kf2 Nc1 0-1

[Event "*** Titled Tuesday Blitz"]
[Site "Chess.com"]
[Date "2018.05.01"]
[Round "7"]
[White "Pudor"]
[Black "XiaoKangZhong"]
[Result "1/2-1/2"]
[WhiteElo "2223"]
[BlackElo "2200"]
[TimeControl "180+2"]
[EndTime "14:36:10 PDT"]
[Termination "Game drawn by agreement"]

1. d4 Nf6 2. c4 g6 3. Nc3 d5 4.
Nf3 Bg7 5. cxd5 Nxd5 6. e4 Nxc3 7.
bxc3 O-O 8. Be2 c5 9. O-O Nc6 10.
Be3 Qa5 11. d5 Rd8 12. Qc2 Ne5 13. Nxe5 Bxe5 14. Bd2 a6 15. f4 Bg7 16. c4 Qc7 17. e5 Bf5 18. Bd3 Bxd3 19. Qxd3 Rab8 20. Kh1 b5 21. Rac1 Qb7 22. d6 exd6 23. exd6 Qc6 24. cxb5 axb5 25. Be3 Rxd6 26. Qc2 c4 27. f5 Rbd8 28.
Bg5 Bf6 29. Bf4 Rd4 30. Qf2 Qe4 31. Be3 R4d6 32. Rce1 Qc6 33. Bf4 Rd5 34. fxg6 hxg6 35. Bg3 Rf5 36. Qa7 Rd2 37. Rg1 Bd4 38. Qb8+ Kg7 39. Be5+ Bxe5 40. Rxe5 Rxe5 41. Qxe5+ Kh7 42. Qf4 Rd7 43. Qh4+ Kg7 44. Rf1 Qe6 45. Qf4 Qf5 46.
Qc1 Qd3 47. Qa1+ c3 48. h3 b4 49. Rc1 Qd2 50. a3 Rc7 51. axb4 Kh7 52. b5 c2 53. b6 Rb7 54. Qb2 Qd1+ 55. Kh2 Qd6+ 56. Kh1 Qd1+ 57. Kh2 Rxb6 58. Qxc2 Qxc2 59. Rxc2 Rf6 60.
Kg3 1/2-1/2

[Event "*** Titled Tuesday Blitz"]
[Site "Chess.com"]
[Date "2018.05.01"]
[Round "7"]
[White "Hrant_ChessMood"]
[Black "platy3"]
[Result "0-1"]
[WhiteElo "2812"]
[BlackElo "2688"]
[TimeControl "180+2"]
[EndTime "14:36:11 PDT"]
[Termination "platy3 won on time"]

1. c4 Nf6 2. Nc3 g6 3. e4 d6 4. d4 Bg7 5. Nge2 O-O 6. Ng3 c5 7. d5 h5 8. Bg5 e6 9. Be2 exd5 10. cxd5 Qb6 11. Qd2 Nh7 12. Be3 h4 13. Nf1 f5 14.
Na4 Qc7 15. Bh6 fxe4 16. Bxg7 Qxg7 17. Ne3 Qd4 18. Nc3 Qxd2+ 19. Kxd2 Ng5 20. Raf1 Nd7 21.
Nb5 Nf7 22. Nc4 Nde5 23. Nbxd6 Nxc4+ 24. Nxc4 b5 25. Ne3 Nd6 26. Rc1 c4 27. b3 cxb3 28. axb3 Rxf2 29. Rc6 Nf5 30. Rf1 Rxe2+ 31. Kxe2 Nd4+ 32.
Kd2 Nxc6 33. dxc6 Be6 34. b4 Rc8 35. Rc1 Kf7 36. Rc5 a6 37. Nc2 Ke7 38. Nd4 Kd6 39. Ke3 Bd5 40. Rc2 Bxc6 41. Rf2 Ke7 42. Rf4 Bd5 43.
Rxh4 Rc3+ 44. Kf4 Rd3 45. Ke5 Bf7 46. Rxe4 Kd7 47. Kf6 Bd5 48. Rg4 Rd2 0-1

[Event "*** Titled Tuesday Blitz"]
[Site "Chess.com"]
[Date "2018.05.01"]
[Round "7"]
[White "Caterpiller35"]
[Black "Angulo07"]
[Result "0-1"]
[WhiteElo "2222"]
[BlackElo "2306"]
[TimeControl "180+2"]
[EndTime "14:36:13 PDT"]
[Termination "Angulo07 won by resignation"]

1. d4 d5 2. Bf4 c5 3. e3 Nc6 4. c3 Qb6 5. Qb3 c4 6. Qc2 Bf5 7. Qxf5 Qxb2 8. Qxd5 Qxa1 9. Qb5 Rd8 10. Bxc4 a6 11. Qb6 Nf6 12. Ne2 Nd5 13. Bxd5 Rxd5 14.
Qxb7 Rd7 15. Qc8+ Nd8 16. O-O Qxa2 17. Ng3 e6 18. c4 Qa4 19. Nc3 Qc6 20. Qxc6 Nxc6 21.
Ra1 Bb4 22. Na2 a5 23. Ne4 O-O 24. c5 Nxd4 25. exd4 Rxd4 26. Bd6 Rxe4 27. Nxb4 axb4 28. Bxf8 Kxf8 29. Kf1 Ke7 30. Ra7+ Kf6 31. c6 Rc4 32.
c7 e5 33. Rb7 Ke6 34. Ke2 g6 35. Kd3 Rc3+ 36. Kd2 f5 37. f3 h5 38. h4 Kd6 39. Rxb4 Rxc7 40. g4 hxg4 41. fxg4 f4 42. Kd3 Rh7 43. Rb6+ Kc5 44. Rxg6 Rxh4 45. Ke4 Rh1 46.
Kxe5 f3 47. Rf6 Re1+ 48. Kf5 f2 49. Kg6 f1=Q 50. Rxf1 Rxf1 51. g5 Kd6 52. Kh7 Ke7 53. g6 Kf6 54. g7 Rh1+ 55. Kg8 Rg1 56. Kh8 Kf7 0-1

[Event "*** Titled Tuesday Blitz"]
[Site "Chess.com"]
[Date "2018.05.01"]
[Round "7"]
[White "djano"]
[Black "rubhani"]
[Result "0-1"]
[WhiteElo "2463"]
[BlackElo "2435"]
[TimeControl "180+2"]
[EndTime "14:36:14 PDT"]
[Termination "rubhani won by resignation"]

1. e4 c5 2. Nf3 d6 3. d4 cxd4 4. Nxd4 Nf6 5. Nc3 a6 6. Be2 e5 7.
Nf3 Be7 8. O-O O-O 9. Bg5 Nbd7 10. a4 b6 11. Re1 Bb7 12. Bf1 Rc8 13. Nd2 Nc5 14.
Bxf6 Bxf6 15. Nc4 Nxe4 16. Nxe4 Bxe4 17. Qxd6 Bxc2 18. Qxb6 e4 19. Qxa6 Bd3 20. Rac1 Bxb2 21. Bxd3 Qxd3 22. Red1 Bxc1 23. Rxd3 exd3 24. h4 Rfe8 25.
Kh2 Bf4+ 26. g3 d2 27. Nxd2 Bxd2 28. Qd6 Be1 29. Kg1 g6 30. Qd7 h5 31. Qb5 Ra8 32.
Kf1 Bc3 33. Qc4 Bf6 34. g4 hxg4 35. Qxg4 Ra5 36. Qd7 Rea8 37. Qc6 Kg7 38. h5 gxh5 39. Qg2+ Kf8 40. Qg3 Rxa4 41. Qf3 R8a6 42. Qxh5 Ra1+ 43. Kg2 R1a2 44. Qh6+ Bg7 45. Qf4 Rg6+ 46. Kf1 Ra1+ 47. Ke2 Re6+ 48. Kd3 Rd1+ 49. Kc2 Rd8 50. Qc7 Red6 51.
f4 Bf6 52. f5 Rd5 53. Qc6 Kg7 54. Kb3 Rxf5 55. Qg2+ Rg5 56. Qb7 Rh8 57. Kc4 Rh4+ 58.
Kd3 Rg3+ 59. Ke2 Rh2+ 60. Kf1 Bd4 61. Qg2 Rgxg2 0-1

[Event "*** Titled Tuesday Blitz"]
[Site "Chess.com"]
[Date "2018.05.01"]
[Round "7"]
[White "Karina_Oparina"]
[Black "joejan"]
[Result "1-0"]
[WhiteElo "2109"]
[BlackElo "2139"]
[TimeControl "180+2"]
[EndTime "14:36:23 PDT"]
[Termination "Karina_Oparina won by resignation"]

1. Nf3 d5 2. g3 c6 3. Bg2 Bf5 4. O-O e6 5. c4 Nf6 6. cxd5 cxd5 7. Qb3 Qb6 8. Qxb6 axb6 9. d3 Nc6 10. Nc3 Be7 11.
Nb5 O-O 12. Nfd4 Bg6 13. Be3 e5 14. Nxc6 bxc6 15. Nc7 Rab8 16. Na6 Rb7 17. a3 h6 18. Nb4 Rc8 19. Rfc1 Bxb4 20. axb4 Bf5 21. b5 c5 22. b4 Rbc7 23. bxc5 d4 24. cxb6 Rxc1+ 25. Bxc1 Rb8 26. b7 Kh7 27. Ra8 Nd7 28. Ba3 e4 29. dxe4 Rxb7 30. exf5 Rxb5 31. Bc6 Rb1+ 32. Kg2 Ne5 33.
Be4 Re1 34. f6+ g6 35. Re8 Ng4 36. Re7 Kg8 37. Bd5 Nxf6 38. Bc4 d3 39. exd3 Rxe7 40. Bxe7 Nd7 41. Bd6 Kg7 42. Kf3 f5 43. Be6 Nb6 44. Be5+ Kf8 45. Bc7 Na4 46. Bd6+ Kg7 47. Ke3 Kf6 48.
Bb3 Nb6 49. Bc5 Nd7 50. Kd4 Ne5 51. Bd5 Ng4 52. h4 Nxf2 53. Ke3 Ng4+ 54. Kf3 Ne5+ 55.
Ke2 g5 56. Bd4 f4 57. hxg5+ hxg5 58. g4 1-0

[Event "*** Titled Tuesday Blitz"]
[Site "Chess.com"]
[Date "2018.05.01"]
[Round "7"]
[White "cukus"]
[Black "Manukyan_Artak"]
[Result "1/2-1/2"]
[WhiteElo "2391"]
[BlackElo "2363"]
[TimeControl "180+2"]
[EndTime "14:36:26 PDT"]
[Termination "Game drawn - insufficient material"]

1. e4 c6 2. d4 d5 3. Nd2 dxe4 4. Nxe4 Nf6 5. Nxf6+ exf6 6. c3 Bd6 7. Bd3 O-O 8. Ne2 Qc7 9. Qc2 h6 10. Ng3 Re8+ 11. Be3 Bf4 12. O-O Bxe3 13. fxe3 Rxe3 14. Rae1 Rxe1 15. Rxe1 Be6 16. Bh7+ Kf8 17. Bf5 Nd7 18. Bxe6 fxe6 19. Rxe6 Re8 20. Qe4 Rxe6 21. Qxe6 Nb6 22. Nf5 Qd7 23. Qxd7 Nxd7 24. c4 b6 25. g4 c5 26. dxc5 Nxc5 27. b3 Nd3 28. Nd6 Nc1 29.
Nc8 Nxa2 30. Nxa7 Nc1 31. b4 Nd3 32. Nc6 Ke8 33. Kf1 Kd7 34. b5 Kd6 35. Nd4 g6 36. h3 Nb2 37. Ke2 Nxc4 38. Kd3 Ne5+ 39. Ke4 Nd7 40.
h4 Nc5+ 41. Ke3 Kd5 42. h5 gxh5 43. gxh5 Ke5 44. Nc6+ Kf5 45. Nb4 Kg5 46. Nd5 Nd7 47.
Nf4 f5 48. Kf3 Ne5+ 49. Kg3 Ng4 50. Nd5 Nf6 51. Nxb6 Nxh5+ 52. Kf3 Nf6 53. Nc4 Nd5 54. b6 Nb4 55. Ne5 Na6 56. b7 h5 57. Nc6 h4 58. b8=Q Nxb8 59. Nxb8 f4 60. Nc6 h3 61. Nd4 h2 62. Kg2 Kg4 63. Kxh2 f3 64. Nxf3 1/2-1/2

[Event "*** Titled Tuesday Blitz"]
[Site "Chess.com"]
[Date "2018.05.01"]
[Round "7"]
[White "swayamsm"]
[Black "michaelq2d5"]
[Result "1-0"]
[WhiteElo "2584"]
[BlackElo "2708"]
[TimeControl "180+2"]
[EndTime "14:36:27 PDT"]
[Termination "swayamsm won by resignation"]

1. d4 d5 2. Nf3 Nf6 3. Bf4 c5 4. c3 Nc6 5. e3 Qb6 6. Qb3 c4 7. Qxb6 axb6 8. Na3 e5 9. Nb5 Ra5 10. Nc7+ Kd7 11. dxe5 Nh5 12. Nxd5 Rxd5 13. Bxc4 Ra5 14. Bxf7 Nxf4 15. exf4 Kc7 16. O-O Be7 17. g3 Bg4 18. Nd4 Rd8 19. f3 Bh3 20. Rfd1 Bc5 21. b4 Bxd4+ 22.
cxd4 Nxb4 23. Rd2 Nd5 24. Rc1+ Kb8 25. Bxd5 Raxd5 26. g4 h5 27. Kf2 hxg4 28. Kg3 Rxd4 29. Rxd4 Rxd4 30. fxg4 Rd3+ 31. Kh4 Bg2 32. e6 Bc6 33.
Kg5 Kc7 34. f5 Rh3 35. Kg6 Rxh2 36. Kxg7 Rg2 37. Rc4 b5 38. Rf4 Kd6 39. f6 Ke5 40. Rb4 Kxe6 41. f7 Rf2 42. f8=Q Rxf8 43. Kxf8 Kf6 44.
a3 Bd7 45. Rd4 Bc6 46. Rb4 Bd7 47. Re4 Bc6 48. Rd4 Ke5 49. Rd2 Kf4 50. Rd4+ Ke5 51. Rd1 Kf4 52. Rg1 Kg5 53. Ke7 Bf3 54. Kd6 Bxg4 55. Kc5 Kf4 56. Kxb5 Bf3 57. Rf1 Ke3 58. Rxf3+ Kxf3 59. Kb6 Ke4 60. a4 Kd5 61. a5 1-0

[Event "*** Titled Tuesday Blitz"]
[Site "Chess.com"]
[Date "2018.05.01"]
[Round "7"]
[White "AndrewDGreen"]
[Black "ruvat"]
[Result "1/2-1/2"]
[WhiteElo "2168"]
[BlackElo "2239"]
[TimeControl "180+2"]
[EndTime "14:36:40 PDT"]
[Termination "Game drawn - insufficient material"]

1. d4 d6 2. e4 Nf6 3. Nc3 g6 4. Be3 Bg7 5. Qd2 c6 6. Bh6 Bxh6 7. Qxh6 Qa5 8. Bd3 c5 9. d5 Nbd7 10. Nf3 c4 11. Bxc4 Qc5 12. Bd3 Qxf2+ 13. Kxf2 Ng4+ 14. Kg3 Nxh6 15. h3 O-O 16. Rhf1 Kg7 17. b4 Ng8 18. a4 Ngf6 19. Nb5 Ne8 20. c4 a5 21. Rfb1 axb4 22.
Rxb4 Ra5 23. Nbd4 Nc7 24. Nb3 Ra7 25. a5 Na6 26. Rb5 Ndc5 27. Nxc5 Nxc5 28. Bc2 Bd7 29. Rb6 Rfa8 30. e5 Ra6 31. Rab1 Rxb6 32. Rxb6 Ra6 33. exd6 exd6 34. Nd4 Kf6 35. Kf4 g5+ 36. Ke3 h6 37. Rxa6 bxa6 38. Nc6 Nb7 39. Kd4 Nc5 40. Nb8 h5 41. Nc6 h4 42. Nb4 Ke7 43. Bh7 Nb3+ 44.
Kc3 Nxa5 45. Nxa6 Nb7 46. Kd4 f5 47. Bg8 g4 48. Nb8 gxh3 49. gxh3 f4 50. Nxd7 Kxd7 51. Be6+ Ke7 52. Ke4 Kf6 53. Kxf4 Na5 54. Kg4 Nxc4 55.
Kxh4 Nd2 56. Kg4 Ne4 57. h4 Nf2+ 58. Kf4 Nd3+ 59. Ke4 Nc5+ 60. Kf4 Nxe6+ 61. dxe6 Kxe6 62. Kg5 Kf7 63. Kf5 Kg7 64. Ke6 Kh6 65. Kxd6 Kh5 66. Ke5 Kxh4 1/2-1/2

[Event "*** Titled Tuesday Blitz"]
[Site "Chess.com"]
[Date "2018.05.01"]
[Round "7"]
[White "gmcorrales"]
[Black "Jospem"]
[Result "1-0"]
[WhiteElo "2745"]
[BlackElo "2689"]
[TimeControl "180+2"]
[EndTime "14:36:44 PDT"]
[Termination "gmcorrales won by checkmate"]

1. e4 c5 2. Nf3 d6 3. d4 cxd4 4. Nxd4 Nf6 5. Nc3 a6 6. a4 e5 7. Nf3 h6 8. Bc4 Be7 9. O-O O-O 10. h3 Be6 11. Qe2 Qc7 12. Bb3 Nbd7 13. Be3 Rfe8 14. Rfd1 Rac8 15. a5 Bf8 16. Nh4 Qc6 17. Qf3 Nc5 18.
Bxc5 Qxc5 19. Nf5 Bxb3 20. cxb3 Re6 21. Ra4 Qc7 22. Ne3 Qd8 23. Rc4 Rc6 24. b4 g6 25.
b3 h5 26. Ned5 Nd7 27. Na4 Bh6 28. Nab6 Nxb6 29. axb6 Rxb6 30. Rc7 Bf4 31. g3 Rc6 32. Rxb7 Qg5 33. h4 Qg4 34. Qxg4 hxg4 35. gxf4 Rc2 36.
f5 gxf5 37. exf5 Rh6 38. Rc7 Rb2 39. Rc4 Rxh4 40. Rd3 Kf8 41. Kg2 Rb1 42. f6 Kg8 43. Rg3 Kh7 44. Rcxg4 Rxg4 45. Rxg4 Rxb3 46. Ne7 Kh6 47.
Nf5+ Kh5 48. Rg7 Rxb4 49. Nxd6 Rb6 50. Ne4 Rb7 51. Rg5+ Kh6 52. Rxe5 Kg6 53. Rg5+ Kh6 54. Ra5 Rb6 55. f3 Kg6 56. Kg3 Rc6 57. Kf4 Rb6 58.
Rg5+ Kh6 59. Rg7 a5 60. Rxf7 Ra6 61. Rg7 a4 62. Rg1 a3 63. f7 Ra8 64. Rg8 a2 65. Rxa8 a1=Q 66. Rxa1 Kh5 67. Rg1 Kh4 68. Rh1# 1-0

[Event "*** Titled Tuesday Blitz"]
[Site "Chess.com"]
[Date "2018.05.01"]
[Round "7"]
[White "toad"]
[Black "ghost_of_pushwood"]
[Result "1-0"]
[WhiteElo "2201"]
[BlackElo "1805"]
[TimeControl "180+2"]
[EndTime "14:36:47 PDT"]
[Termination "toad won on time"]

1. d4 Nf6 2. c4 g6 3. g3 Bg7 4. Bg2 O-O 5. Nf3 d6 6. O-O c6 7. Nc3 Nbd7 8. e4 e5 9. Qc2 exd4 10. Nxd4 a5 11. Rd1 Nc5 12. b3 Re8 13. h3 Qb6 14. Be3 a4 15. Nxa4 Nxa4 16. bxa4 Qb4 17. Rab1 Qxa4 18.
Qb3 Nxe4 19. Ne2 Qxa2 20. Nf4 Nc3 21. Qxa2 Rxa2 22. Rbc1 Nxd1 23. Rxd1 Ra1 24. Rxa1 Bxa1 25. Kf1 Be6 26. Nxe6 fxe6 27. Ke2 d5 28. cxd5 exd5 29. Kd3 Bg7 30. Bf3 Bf8 31. Bg4 Kf7 32. h4 c5 33.
h5 b5 34. hxg6+ hxg6 35. Bd7 Rb8 36. Bf4 Ra8 37. Bc6 Ra3+ 38. Ke2 Ke6 39. Bxb5 c4 40. Be3 Bg7 41. g4 Ra2+ 42. Kf3 c3 43. Bd3 Kf7 44.
g5 d4 45. Bf4 Ra1 46. Ke2 Ra2+ 47. Kf3 Rb2 48. Bd6 Ke6 49. Bf4 Be5 50. Bc1 Rb8 51. Bc2 Rf8+ 52. Ke2 Kd5 53. Bxg6 Kc4 54. Bd3+ Kb3 55.
g6 Rg8 56. f4 Bd6 57. f5 Ba3 58. Bxa3 Kxa3 59. f6 Kb2 60. f7 Rf8 61. g7 c2 62.
gxf8=Q c1=Q 63. Qb8+ Ka3 64. f8=Q+ 1-0

[Event "*** Titled Tuesday Blitz"]
[Site "Chess.com"]
[Date "2018.05.01"]
[Round "7"]
[White "Khamrakulov_Djurabek"]
[Black "Ginger_GM"]
[Result "0-1"]
[WhiteElo "2632"]
[BlackElo "2495"]
[TimeControl "180+2"]
[EndTime "14:37:01 PDT"]
[Termination "Ginger_GM won by resignation"]

1. e4 c5 2. c3 d5 3. exd5 Nf6 4. d4 cxd4 5. Qxd4 Nxd5 6. c4 Nb4 7. Qxd8+ Kxd8 8. Na3 N8c6 9. Bd2 Bf5 10. Nf3 e5 11. Be2 Nd3+ 12. Bxd3 Bxd3 13. O-O-O Ke8 14. Bc3 Be2 15. Nb5 Bxd1 16. Rxd1 Rc8 17. Nxe5 Nxe5 18. Bxe5 Rxc4+ 19. Kb1 f6 20. Bc3 a6 21. Nd4 Kf7 22. Nb3 Ke8 23. Re1+ Be7 24. Nd4 Kf7 25. Nf5 Rc7 26.
f3 Rd7 27. a4 Rc8 28. g4 Bf8 29. Re4 g6 30. Ng3 Be7 31. h4 Rdc7 32. a5 Rc4 33. Re3 Bb4 34. Ne4 Be7 35. g5 f5 36.
Nf6 Bxf6 37. gxf6 Re8 38. Rd3 Rc7 39. f4 Re6 40. Be5 Rxe5 41. fxe5 Ke6 42. Rc3 Rd7 43. Rc5 f4 44. Kc2 f3 45. Rc3 Kxe5 46. Rxf3 Rf7 47.
Re3+ Kxf6 48. Kb3 Rc7 49. Rf3+ Ke5 50. Kb4 h6 51. Rf8 g5 52. h5 g4 53. Rh8 Rc6 54.
Rh7 g3 55. Rxb7 Kf4 56. Rf7+ Kg4 57. Rg7+ Kh3 58. Rg6 g2 59. Rxc6 g1=Q 60. Ka4 Qd4+ 61. b4 Qd5 62. Rc3+ Kg4 63. Ka3 Qxh5 64. Rc4+ Kf3 65. Rc5 Qh1 66. b5 Qa1+ 67. Kb4 Qb2+ 68. Kc4 axb5+ 69. Rxb5 Qa2+ 70. Kc5 h5 71. Kb6 h4 72. a6 h3 73. a7 h2 74. Ra5 Qe6+ 75.
Kc5 Qe7+ 76. Kb6 Qd8+ 77. Kb5 Qa8 78. Ra3+ Kg4 79. Ra4+ Kg5 0-1